 Dungeon Crawl Stone Soup version 0.27.1 (webtiles) character file.

Game seed: 6185069786102024521

67 sanka the Unweaver (level 3, -3/31 HPs)
             Began as a Palentonga Abyssal Knight on Aug 22, 2021.
             Was a Follower of Lugonu.
             Slain by a kobold (4 damage)
             ... on level 2 of the Dungeon.
             The game lasted 00:02:22 (2035 turns).

sanka the Unweaver (Palentonga Abyssal Knight)      Turns: 2035, Time: 00:02:23

Health: -3/31      AC:  4    Str: 16    XL:     3   Next: 98%
Magic:  6/6        EV:  9    Int: 12    God:    Lugonu [*.....]
Gold:   63         SH:  0    Dex:  9    Spells: 2/2 levels left

rFire    . . .     SeeInvis +   a - +1 hand axe
rCold    . . .     Faith    .   (no shield)
rNeg     . . .     Spirit   .   b - +0 leather armour
rPois    .         Reflect  .   (no helmet)
rElec    .         Harm     .   (no cloak)
rCorr    .         Rampage  .   (no gloves)
Will     .....                  (no barding)
Stlth    +.........             (no amulet)
HPRegen  0.10/turn              (no ring)
MPRegen  0.10/turn              (no ring)

@: no status effects
A: large, rugged brown scales 3, see invisible, deformed body, roll 1, armoured
tail
a: Rolling Charge, Renounce Religion, Depart the Abyss


You were on level 2 of the Dungeon.
You worshipped Lugonu.
Lugonu was aware of your devotion.
You visited 1 branch of the dungeon, and saw 2 of its levels.
You visited the Abyss 1 time.

You collected 63 gold pieces.


Innate Abilities, Weirdness & Mutations

You are completely covered in rugged brown scales. (AC +3, +7% HP)
You have supernaturally acute eyesight. (SInv)
Armour fits poorly on your strangely shaped body.
You can roll at nearby foes to attack.
You have a long armoured tail.


   Skills:
 - Level 3.0 Fighting
 - Level 2.0 Axes
 - Level 1.5 Armour
 - Level 0.7 Dodging
 + Level 4.6 Invocations


You had 2 spell levels left.
You didn't know any spells.
Your spell library contained the following spells:

 Spells                   Type           Power      Damage    Failure   Level
 Fireball                 Conj/Fire      0%         3d3       100%        5
 Iskenderun's Battlesphe  Conj           0%         2d6       100%        5
 Conjure Ball Lightning   Conj/Air       0%         3x3d6     100%        6
 Orb of Destruction       Conj           0%         N/A       100%        7

Inventory:

Hand Weapons
 a - a +1 hand axe (weapon)
Armour
 b - a +0 leather armour (worn)
 j - a +0 helmet
Magical Staves
 h - a staff of cold
 k - a staff of death
Scrolls
 c - a scroll of noise {unknown}
 e - a scroll of enchant armour {unknown}
 f - a scroll of identify {unknown}
 l - a scroll of teleportation {unknown}
 m - a scroll of fear {unknown}
Potions
 d - 2 potions of cancellation {unknown}
 g - a potion of magic {unknown}
 i - a potion of flight {unknown}

Dungeon Overview and Level Annotations

Branches:
Dungeon (2/15)

Altars:

Shops:
D:1 (

Annotations:
D:2 Sigmund

..▒ ... ▒..▒ ▒.▒
..▒▒.. ▒..▒ ▒.▒ .....
▒▒ ▒..▒▒.▒ +▒.▒▒▒ ▒..
▒..▒.▒ .....▒ ▒..
▒▒...▒ .▒.▒.▒▒. ▒..▒
▒▒..▒▒▒ ........
▒▒..▒▒ ▒▒.†▒▒ .▒.▒.▒▒
▒.▒..▒▒▒..▒.▒ ...▒.▒
▒w▒..▒H.▒.▒▒ .▒▒▒.▒
▒.▒.K.▒.▒.▒
..†..▒▒▒▒▒▒▒▒▒▒▒▒▒▒▒▒▒
.▒▒▒▒.†@.<........▒▒▒
.▒▒▒▒.▒▒▒.▒.........▒
..........+.........▒
..▒▒▒.▒▒▒.▒.........▒
..▒ ▒.▒ ▒.+.........▒
..▒ ▒.▒▒▒.▒.........▒


You could see a kobold.


Message History

The worm is heavily wounded.
You hit the worm.
The worm is severely wounded.
The worm barely misses you.
You hit the worm.
The worm is almost dead.
The worm bites you.
* * * LOW HITPOINT WARNING * * *
You hit the worm.
The worm is almost dead.
The worm bites you.
* * * LOW HITPOINT WARNING * * *
You roll forward with a clatter of scales!
You slash the worm!
You kill the worm!
Lugonu accepts your kill.
You hear a shout!
You hear a shout!
You start resting.
A kobold comes into view.
It is wielding a +2 short sword of speed.
You closely miss the kobold.
Your tail-slap misses the kobold.
The kobold closely misses you.
You barely miss the kobold.
The kobold hits you with a +2 short sword of speed.
* * * LOW HITPOINT WARNING * * *
The kobold hits you but does no damage.
You closely miss the kobold.
The kobold hits you with a +2 short sword of speed.
You die...

Action                   || total
-------------------------++-------
Melee: Hand axe          ||   109
       Tailslap          ||     6
Invok: Depart the Abyss  ||     1
 Abil: Rolling Charge    ||     2
Armor: Leather armour    ||    46
Dodge: Dodged            ||    81

Levels and vault maps discovered:
D:1:      dpeg_arrival_arbitrary_c, layout_basic, serial_shops,
          nicolae_lakefront_shop, hellmonk_ecumenical_altar_pennies_from_heaven,
          minmay_heptomino_h4
D:2:      minmay_diamond_boxcup, layout_basic, uniq_jessica, uniq_sigmund

Notes
Turn   | Place    | Note
-------+----------+-------------------------------------------
     0 | Abyss:1  | sanka the Palentonga Abyssal Knight began the quest for the
                  | Orb.
     0 | Abyss:1  | Reached XP level 1. HP: 19/19 MP: 2/2
    62 | Abyss:1  | Noticed a chaos spawn
    64 | Abyss:1  | Noticed a spatial maelstrom
    66 | D:1      | Escaped the Abyss
   275 | D:1      | Found a faded altar of an unknown god.
   375 | D:1      | Reached * piety under Lugonu
   376 | D:1      | Reached XP level 2. HP: 25/25 MP: 4/4
   380 | D:1      | Reached skill level 3 in Invocations
   549 | D:1      | Found Hioberhu's Antique Weapon Emporium.
   986 | D:1      | Reached XP level 3. HP: 29/31 MP: 5/5
  1213 | D:2      | Noticed Jessica
  1232 | D:1      | Killed Jessica
  1233 | D:1      | Reached skill level 4 in Invocations
  1618 | D:2      | Noticed Sigmund
  2018 | D:2      | HP: 2/31 [worm (2)]
  2034 | D:2      | HP: 1/31 [kobold (2)]
  2035 | D:2      | Slain by a kobold

Vanquished Creatures
  Jessica (D:1)
  A worm (D:2)
  A dart slug (D:1)
  An endoplasm (D:1)
  2 giant cockroaches (D:1)
  3 hobgoblins (D:1)
  2 jackals (D:1)
  6 kobolds (D:1)
  A quokka (D:1)
  7 ball pythons
  4 bats (D:1)
  2 frilled lizards
  4 goblins
  4 rats
39 creatures vanquished.
